 Dungeon Crawl Stone Soup version 0.19.1-1-g22dce08 (webtiles) character file.

165 markt42 the Chopper (level 5, -3/46 HPs)
             Began as a Minotaur Fighter on Jan 5, 2017.
             Slain by an orc
             ... wielding a +0 club
              (5 damage)
             ... on level 3 of the Dungeon.
             The game lasted 00:02:00 (2064 turns).

markt42 the Chopper (Minotaur Fighter)              Turns: 2064, Time: 00:02:01

Health: -3/46      AC:  7    Str: 22    XL:     5   Next: 22%
Magic:  4/4        EV:  7    Int:  5    God:
Gold:   75         SH:  0    Dex:  9    Spells: 0 memorised, 4 levels left

rFire  . . .     SeeInvis .     a - +0 war axe
rCold  . . .     Gourm    .     b - +0 scale mail
rNeg   . . .     Faith    .     c - +0 shield
rPois  .         Spirit   .     (helmet restricted)
rElec  .         Reflect  .     (no cloak)
rCorr  .         Harm     .     (no gloves)
MR     .....                    (no boots)
Stlth  ..........               (no amulet)
                                (no ring)
                                (no ring)

@: confused
A: retaliatory headbutt, horns 2
a: no special abilities


You were on level 3 of the Dungeon.
You were hungry.

You visited 1 branch of the dungeon, and saw 3 of its levels.

You collected 75 gold pieces.

Inventory:

Hand Weapons
 a - a +0 war axe (weapon)
Armour
 b - a +0 scale mail (worn)
 c - a +0 shield (worn)
Scrolls
 i - 3 scrolls of identify {unknown}
 j - 2 scrolls of teleportation {unknown}
 k - 2 scrolls of remove curse {unknown}
 m - a scroll of enchant armour {unknown}
 n - a scroll of enchant weapon {unknown}
 o - a scroll of recharging {unknown}
Potions
 d - 2 potions of might
 e - a potion of ambrosia {unknown}
 h - a potion of cancellation {unknown}
 l - 2 potions of curing {unknown}
Comestibles
 f - a bread ration
 g - a meat ration


   Skills:
 + Level 4.2 Fighting
 * Level 5.4 Axes
 + Level 4.3 Armour
 + Level 4.1 Shields


You had 4 spell levels left.
You didn't know any spells.

Dungeon Overview and Level Annotations

Branches:
Dungeon (3/15)

Altars:
Ru


Innate Abilities, Weirdness & Mutations

You reflexively headbutt those who attack you in melee.
You have a pair of horns on your head.


Message History

You barely miss the orc.
The orc is almost dead.
The orc priest mumbles some strange prayers to Beogh against you.
Beogh smites you!
* * * LOW HITPOINT WARNING * * *
You hear some strange, mumbled words.
You are confused.
The orc hits you with a club.
* * * LOW HITPOINT WARNING * * *
You bump into the rock wall.
The orc priest casts a cantrip, but nothing happens.
The orc hits you but does no damage.
You closely miss the orc priest.
The orc priest is severely wounded.
You barely miss the orc.
The orc priest calls down the wrath of Beogh upon you.
Beogh smites you!
* * * LOW HITPOINT WARNING * * *
The orc hits you with a club.
You die...

♣♣ .P♣ P.P♣
####### P...
#..<..#
♣..##.###.#
####......#.#
............+
#####.o@...#
##o#.###
#....{#.#
#.###.#.#
#...# #.###
#.# #.. ##.


You could see an orc priest and an orc.

Vanquished Creatures
  An orc wizard (D:2)
  Jessica (D:2)
  3 gnolls (D:2)
  3 adders (D:2)
  2 dart slugs (D:1)
  2 leopard geckos
  An orc (D:3)
  2 giant cockroaches (D:2)
  9 goblins
  5 hobgoblins
  7 kobolds
  A quokka (D:2)
  5 bats
  A frilled lizard (D:2)
  6 rats
49 creatures vanquished.

Notes
Turn   | Place    | Note
-------+----------+-------------------------------------------
     0 | D:1      | markt42 the Minotaur Fighter began the quest for the Orb.
     0 | D:1      | Reached XP level 1. HP: 19/19 MP: 0/0
   142 | D:1      | Reached XP level 2. HP: 27/27 MP: 1/1
   352 | D:1      | Reached skill level 3 in Axes
   668 | D:2      | Found a sacrificial altar of Ru.
   671 | D:2      | Reached XP level 3. HP: 33/33 MP: 2/2
   680 | D:2      | Reached skill level 4 in Axes
   743 | D:2      | Reached XP level 4. HP: 31/40 MP: 3/3
  1415 | D:2      | Reached skill level 5 in Axes
  1726 | D:2      | Noticed Jessica
  1745 | D:2      | Killed Jessica
  1745 | D:2      | Reached XP level 5. HP: 31/46 MP: 4/4
  1930 | D:2      | Found a sacrificial altar of Ru.
  2064 | D:3      | HP: 2/46 [orc priest/divine providence (10)]
  2064 | D:3      | Slain by an orc

Skill      XL: |  1  2  3  4 |
---------------+-------------+-----
Shields        | 4 |  4.1
Axes           | 3 4 5 |  5.4
Armour         | 4 |  4.3
Fighting       | 4 |  4.2

Action                   |  1- 3 |  4- 6 || total
-------------------------+-------+-------++-------
Melee: War axe           |    56 |    71 ||   127
       Headbutt          |     5 |    16 ||    21
 Stab: Paralysed         |     1 |       ||     1
  Eat: Chunk             |       |     3 ||     3
Armor: Scale mail        |    19 |    19 ||    38
Dodge: Dodged            |    21 |    25 ||    46
Block: Shield            |    31 |    38 ||    69
